 Dungeon Crawl Stone Soup version 0.16-a0-3873-g452e4d5 (webtiles) character file.

6175 WildJohn the Basher (level 10, -1/83 HPs)
             Began as a Demonspawn Gladiator on Feb 1, 2015.
             Was an Elder of Okawaru.
             Slain by a minotaur (8 damage)
             ... in a labyrinth.
             The game lasted 00:24:40 (8364 turns).

WildJohn the Basher (Demonspawn Gladiator)          Turns: 8364, Time: 00:24:40

Health: -1/83      AC: 19    Str: 18    XL:     10   Next: 60%
Magic:  0/18       EV: 13    Int: 10    God:    Okawaru [****..]
Gold:   476        SH:  0    Dex: 16    Spells: 0 memorised, 9 levels left

rFire  . . .     SeeInvis .     I - +0 quarterstaff (protect)
rCold  . . .     Clarity  .     y - +4 ring mail
rNeg   . . .     SustAb   +     (no shield)
rPois  +         Gourm    .     m - +1 hat
rElec  .         Spirit   +     u - +0 cloak {+Inv}
rCorr  .         Warding  .     (no gloves)
rMut   .         Stasis   .     (no boots)
MR     .....                    (no amulet)
Stlth  +.........               n - ring of flight
                                g - ring of sustain abilities

@: very slightly contaminated, not resistant to hostile enchantments, very
unstealthy
A: horns 2, slimy green scales 1, agile 1, poison resistance, powered by death
1, robust 1, screaming 1, magic shield
a: Heroism, Renounce Religion, Evoke Invisibility, Evoke Flight


You were in a labyrinth.
You worshipped Okawaru.
Okawaru was greatly pleased with you.
You were not hungry.

You visited 1 branch of the dungeon, and saw 9 of its levels.
You also visited: Labyrinth and Sewer.

You collected 476 gold pieces.

Inventory:

Hand weapons
 a - a +0 flail
 b - a +1 blowgun
 I - a +0 quarterstaff of protection (weapon)
Missiles
 d - 4 throwing nets (quivered)
 k - 37 bolts
 l - 13 poisoned needles
Armour
 c - a +0 cloak
 m - a +1 hat (worn)
 o - a +0 leather armour
 p - a +0 ring mail of cold resistance
 u - a +0 cloak of invisibility (worn)
 y - a +4 ring mail (worn)
Jewellery
 g - a ring of sustain abilities (left hand)
 n - a ring of flight (right hand)
 s - an uncursed amulet of resist mutation
 D - an uncursed amulet of stasis
Magical devices
 t - a wand of digging (20)
 F - a wand of magic darts (22)
Scrolls
 e - 2 scrolls of fog
 q - 2 scrolls of remove curse
 w - 6 scrolls of identify
 B - a scroll of magic mapping
 C - 3 scrolls of teleportation
 E - a scroll of blinking
Potions
 j - a potion of restore abilities
 A - 3 potions of curing
Comestibles
 f - 7 bread rations
 h - 2 royal jellies
 r - 3 beef jerkies
 z - 4 meat rations


   Skills:
 * Level 6.2 Fighting
 - Level 12.0 Maces & Flails
 - Level 1.7 Throwing
 + Level 3.7 Armour
 + Level 4.5 Dodging
 + Level 5.2 Invocations


You had 9 spell levels left.
You didn't know any spells.

Dungeon Overview and Level Annotations

Branches:
Dungeon (11/15)            Temple (0/1) D:7
   Lair: D:8-11         Orc: D:9-12

Altars:
Gozag
Makhleb
Nemelex Xobeh
Okawaru
Qazlal
Sif Muna
Xom
Yredelemnul
Zin
The Shining One

Shops:
D:11 [?


Innate Abilities, Weirdness & Mutations

You have a pair of horns on your head.
You are partially covered in slimy green scales (AC +2).
You can steal the life force of nearby defeated enemies.
When hurt, damage is shared between your health and your magic reserves.
You are agile. (Dex +2)
Your system is resistant to poisons.
You are robust (+10% HP).
You occasionally shout uncontrollably at your foes.


Message History

Put on which piece of jewellery? (? for menu, Esc to quit)
Okay, then.
Take off which item? (? for menu, Esc to quit)
Okay, then.
Remove which piece of jewellery? (? for menu, Esc to quit)
You remove your amulet of stasis.
Read which item? (? for menu, Esc to quit)
A powerful magic prevents control of your teleportation.
You blink.
As you read the scroll of blinking, it crumbles to dust.
There is an escape hatch in the ceiling here.
Items here: ( ) :: == [[[ | }}
Okay, then.
The minotaur hits you!
* * * LOW HITPOINT WARNING * * *
The minotaur gores you but does no damage.
Read which item? (? for menu, Esc to quit)
Okay, then.
The minotaur hits you!
You die...

## . . # #.#
#####.# ###.
###.H@..# #.#.#
..#.##### #.#.#
## #.# . . # .
#.#######.#.# #
#
#.#.........#.#
.#.#.##. .##.#
# . # .#
#....#..#.#.#
.. .
#######.#.#.# #
..... .#..<


You could see a minotaur.

Vanquished Creatures
  The ghost of Monkaria the Cleaver, an experienced HOFi of Makhleb (D:8)
  An ugly thing (D:11)
  A cyclops (D:11)
  The ghost of wojtek the Slicer, an experienced KoAs of Makhleb (D:5)
  2 trolls (D:11)
  Grinder (D:3)
  Grum (D:8)
  4 wolves (D:8)
  An ogre (D:7)
  4 orc warriors
  An ice beast (D:8)
  3 sky beasts
  2 big kobolds
  3 centaurs
  6 giant frogs
  3 scorpions
  A water moccasin skeleton (D:8)
  3 wights (D:7)
  A goliath beetle (D:8)
  A centaur zombie (D:6)
  3 crimson imps
  A giant frog zombie (D:5)
  Crazy Yiuf (D:2)
  A centaur skeleton (D:5)
  3 hounds
  3 jellies
  An orc priest (D:11)
  5 orc wizards
  Natasha (D:3)
  10 worker ants
  Ijyb (D:2)
  3 hound zombies
  Robin (D:3)
  13 adders
  3 gnolls (D:4)
  3 giant mites
  A worm (D:2)
  3 oozes
  6 giant geckos
  9 orcs
  2 ball pythons (D:4)
  8 bats
  14 giant cockroaches
  14 goblins
  24 hobgoblins
  14 jackals
  4 quokkas
  A giant gecko zombie (D:5)
  9 giant newts
  26 kobolds
  2 quokka skeletons
  7 rats
  2 ballistomycetes (D:7)
240 creatures vanquished.

Vanquished Creatures (others)
  2 giant spores (D:7)
2 creatures vanquished.

Grand Total: 242 creatures vanquished

Notes
Turn   | Place    | Note
--------------------------------------------------------------
     0 | D:1      | WildJohn, the Demonspawn Gladiator, began the quest for the Orb.
     0 | D:1      | Reached XP level 1. HP: 16/16 MP: 1/1
   330 | D:1      | Reached skill level 3 in Maces & Flails
   589 | D:2      | Gained mutation: You can steal the life force of nearby defeated enemies. [demonic ancestry]
   589 | D:2      | Reached XP level 2. HP: 11/22 MP: 2/2
   711 | D:2      | Noticed Crazy Yiuf
   960 | D:2      | Killed Crazy Yiuf
   960 | D:2      | Reached skill level 4 in Maces & Flails
   960 | D:2      | Gained mutation: You have a pair of small horns on your head. [demonic ancestry]
   960 | D:2      | Reached XP level 3. HP: 17/27 MP: 3/3
  1525 | D:2      | Noticed Ijyb
  1543 | D:2      | Killed Ijyb
  1543 | D:2      | Reached XP level 4. HP: 31/33 MP: 4/4
  1968 | D:3      | Noticed Grinder
  1983 | D:3      | Paralysed by Grinder for 5 turns
  1990 | D:3      | HP: 2/49 [Grinder (5)]
  1998 | D:3      | Paralysed by Grinder for 3 turns
  2050 | D:3      | Killed Grinder
  2050 | D:3      | Reached skill level 6 in Maces & Flails
  2050 | D:3      | Reached XP level 5. HP: 19/38 MP: 5/5
  2050 | D:3      | Gained mutation: You are partially covered in slimy green scales (AC +2). [demonic ancestry]
  2050 | D:3      | Reached XP level 6. HP: 22/44 MP: 6/6
  2208 | D:3      | Found a deep blue altar of Sif Muna.
  2452 | D:3      | Noticed Natasha
  2462 | D:3      | Killed Natasha
  2504 | D:3      | Noticed Robin
  2520 | D:3      | Killed Robin
  2773 | D:3      | Found an iron altar of Okawaru.
  2788 | D:3      | Became a worshipper of Warmaster Okawaru
  3112 | D:4      | Reached skill level 7 in Maces & Flails
  3362 | D:4      | Reached XP level 7. HP: 47/50 MP: 7/7
  3535 | D:4      | Found a basalt altar of Yredelemnul.
  3536 | D:4      | Found a stormy altar of Qazlal.
  3602 | D:5      | Entered Level 5 of the Dungeon
  3726 | D:5      | Found a glowing drain.
  3771 | Sewer    | Entered a sewer
  3930 | Sewer    | Reached skill level 8 in Maces & Flails
  4254 | D:5      | Acquired Okawaru's first power
  4363 | D:5      | Found a burning altar of Makhleb.
  4390 | D:5      | Reached skill level 9 in Maces & Flails
  4390 | D:5      | Reached XP level 8. HP: 41/56 MP: 8/8
  4603 | D:5      | Noticed wojtek's ghost (experienced KoAs)
  4605 | D:5      | Gained mutation: You occasionally shout uncontrollably at your foes. [potion of mutation]
  4605 | D:5      | Gained mutation: You are robust (+10% HP). [potion of mutation]
  4605 | D:5      | Gained mutation: Your system is resistant to poisons. [potion of mutation]
  4606 | D:5      | Gained mutation: You are agile. (Dex +2) [potion of beneficial mutation]
  4639 | D:5      | Killed wojtek's ghost
  4639 | D:5      | Reached skill level 10 in Maces & Flails
  5330 | D:6      | Found a sparkling altar of Nemelex Xobeh.
  5330 | D:6      | Found a glowing golden altar of the Shining One.
  5692 | D:7      | Found a staircase to the Ecumenical Temple.
  5776 | D:7      | Reached skill level 11 in Maces & Flails
  5776 | D:7      | Gained mutation: When hurt, damage is shared between your health and your magic reserves. [demonic ancestry]
  5776 | D:7      | Reached XP level 9. HP: 42/67 MP: 9/9
  6076 | D:7      | Found a glowing silver altar of Zin.
  6076 | D:7      | Found an opulent altar of Gozag.
  6262 | D:7      | Found a deep blue altar of Sif Muna.
  6351 | D:7      | Found a shimmering altar of Xom.
  6867 | D:8      | Reached skill level 12 in Maces & Flails
  7008 | D:8      | Noticed Monkaria's ghost (experienced HOFi)
  7139 | D:8      | Killed Monkaria's ghost
  7139 | D:8      | Reached skill level 1 in Armour
  7584 | D:8      | Gained mutation: You have a pair of horns on your head. [demonic ancestry]
  7584 | D:8      | Reached XP level 10. HP: 79/79 MP: 13/15
  7660 | D:8      | Noticed Grum
  7668 | D:8      | Killed Grum
  7713 | D:8      | You fall through a shaft for 3 floors!
  7722 | D:11     | Reached skill level 5 in Fighting
  7797 | D:11     | Noticed a cyclops
  7813 | D:11     | Killed a cyclops
  7863 | D:11     | Noticed a green ugly thing
  7888 | D:11     | Killed a green ugly thing
  7888 | D:11     | Acquired Okawaru's second power
  7888 | D:11     | Reached skill level 5 in Invocations
  7911 | D:11     | Found Gronis' Magic Scroll Emporium.
  7975 | D:11     | Found Loustuaji's Armour Emporium.
  7994 | D:11     | Found a labyrinth entrance.
  7999 | Lab      | Entered a labyrinth
  8258 | Lab      | Noticed a minotaur
  8349 | Lab      | HP: 4/83 [minotaur (8)]
  8364 | Lab      | Slain by a minotaur

Action                   |  1- 3 |  4- 6 |  7- 9 | 10-12 || total
-------------------------+-------+-------+-------+-------++-------
Melee: Flail             |    91 |   229 |   491 |       ||   811
       Quarterstaff      |       |       |   111 |   177 ||   288
Invok: Heroism           |       |       |     1 |     3 ||     4
 Abil: Evoke Invisibilit |       |       |     1 |     1 ||     2
Evoke: Wand              |       |       |       |     1 ||     1
  Use: Scroll            |     7 |     5 |     5 |     2 ||    19
       Potion            |       |     6 |     7 |     3 ||    16
 Stab: Invisible         |       |       |     4 |     4 ||     8
  Eat: Chunk             |     2 |     6 |    12 |     2 ||    22
       Fruit             |       |       |     3 |       ||     3
       Pizza             |       |       |       |     2 ||     2
